 Dungeon Crawl Stone Soup version 0.27-a0-1597-ge58577e147 (webtiles) character file.

Game seed: 5490132950358921832

255 DocSulfur the Ruffian (level 5, -2/40 HPs)
             Began as a Draconian Transmuter on July 21, 2021.
             Was an Initiate of Okawaru.
             Splashed by a jelly's acid (8 damage)
             ... on level 4 of the Dungeon.
             The game lasted 00:07:42 (3012 turns).

DocSulfur the Ruffian (Draconian Transmuter)        Turns: 3012, Time: 00:07:46

Health: -2/40      AC: -7    Str: 13    XL:     5   Next: 91%
Magic:  8/8        EV: 12    Int: 13    God:    Okawaru [......]
Gold:   162        SH:  0    Dex: 12    Spells: 4/8 levels left

rFire    . . .     SeeInvis .     - Unarmed
rCold    . . .     Faith    .   (no shield)
rNeg     . . .     Spirit   .   (armour unavailable)
rPois    .         Reflect  .   (helmet currently unavailable)
rElec    .         Harm     .   (no cloak)
rCorr    .         Rampage  .   (no gloves)
Will     .....                  (boots currently unavailable)
Stlth    +.........             f - amulet of regeneration
HPRegen  1.13/turn              (no ring)
MPRegen  0.11/turn              (no ring)

@: appendages (expiring), corroded
A: horns 2, talons 2, AC +5, unfitting armour, cold-blooded
a: End Transformation, Renounce Religion


You were on level 4 of the Dungeon.
You worshipped Okawaru.
Okawaru was noncommittal.
You had temporarily grown beastly horns and talons.
You visited 1 branch of the dungeon, and saw 4 of its levels.

You collected 162 gold pieces.

Inventory:

Missiles
 b - 92 stones
 e - 12 poisoned darts
Armour
 l - a +0 pair of boots (melded)
Magical Staves
 h - a staff of poison
Jewellery
 f - an amulet of regeneration (around neck)
 o - an amulet of magic regeneration
Wands
 n - a wand of iceblast (12)
Scrolls
 a - a scroll of enchant weapon {unknown}
 c - 2 scrolls of teleportation
 p - a scroll of summoning {unknown}
Potions
 g - 2 potions of haste
 i - a potion of attraction
 j - a potion of curing
 k - a potion of ambrosia
 m - a potion of lignification


   Skills:
 - Level 1.1 Fighting
 - Level 1.7 Dodging
 + Level 3.9 Unarmed Combat
 - Level 2.0 Spellcasting
 * Level 3.7 Transmutations
 + Level 2.1 Ice Magic
 * Level 3.2 Poison Magic


You had 4 spell levels left.
You knew the following spells:

 Your Spells              Type           Power      Damage    Failure   Level
a - Beastly Appendage     Tmut           20%        N/A       5%          1
b - Spider Form           Tmut/Pois      5%         N/A       19%         3

Your spell library contained the following spells:

 Spells                   Type           Power      Damage    Failure   Level
 Wereblood                Tmut           10%        N/A       9%          2
 Ice Form                 Ice/Tmut       8%         N/A       58%         4


Dungeon Overview and Level Annotations

Branches:
Dungeon (4/15)
 Temple: D:4-7

Altars:
Kikubaaqudgha
Okawaru


Innate Abilities, Weirdness & Mutations

You have temporarily grown beastly horns and talons.
Your plain brown scales are hard. (AC +5)
You cannot fit into any form of body armour.
You are cold-blooded and may be slowed by cold attacks.


Message History

The withered plant crumbles away.
Found a plate armour and a scroll labelled TYZYGUA LEROHE.
A jelly comes into view.
Found a rapier.
Found an ancient bone altar of Kikubaaqudgha.
Found 13 gold pieces.
The helpless jelly fails to defend itself.
You hit the jelly. The acid corrodes you!
Your hands burn!
You punch the jelly, but do no damage.
The jelly is moderately wounded.
The jelly hits you but does no damage.
Casting: Beastly Appendage (safe; 5% risk of failure)
Confirm with . or Enter, or press ? or * to list all spells.
You grow a pair of large bovine horns.
Your feet morph into talons.
Your +0 pair of boots melds into your body.
The jelly hits you. The acid corrodes you!
You are splashed with acid.
You hit the jelly.
Your hands burn!
The jelly is severely wounded.
The jelly hits you.
You are splashed with acid!
You hit the jelly but do no damage.
Your hands burn!
The jelly is severely wounded.
The jelly barely misses you.
You hit the jelly. The acid corrodes you!
Your hands burn!
You claw the jelly.
The jelly is almost dead.
The jelly barely misses you.
You hit the jelly but do no damage. The acid corrodes you!
Your hands burn!
You claw the jelly, but do no damage.
You headbutt the jelly, but do no damage.
The jelly is almost dead.
The jelly hits you.
You are splashed with acid!
* * * LOW HITPOINT WARNING * * *
Your transformation is almost over.
You hit the jelly but do no damage.
Your hands burn!
* * * LOW HITPOINT WARNING * * *
You claw the jelly, but do no damage.
Your tail-slap misses the jelly.
The jelly is almost dead.
The jelly hits you.
* * * LOW HITPOINT WARNING * * *
You are splashed with acid!
You die...

..... ###...#
......# # #
#.....#.# #.
#.#...#.##
##.# #.#......
.....###.##..#
#.#.#.P.J@..#
#......###..+
#PP....#.#..#
#...P....#.<#
#.P..#....#.##
..?[##.._.#..
...P #)...#.##
.#. .....#.# .
....#.#.#


You could see a jelly.

Vanquished Creatures
  An orc priest (D:2)
  A hound (D:2)
  3 orc wizards (D:3)
  7 adders
  A dart slug (D:2)
  5 orcs
  3 ball pythons
  6 endoplasms
  A giant cockroach (D:1)
  6 goblins
  5 hobgoblins
  4 jackals (D:2)
  A quokka (D:2)
  A bat (D:1)
  2 frilled lizards (D:2)
  5 kobolds
  2 rats
54 creatures vanquished.

Vanquished Creatures (others)
  A hobgoblin (D:2)
  A withered plant (D:4)
2 creatures vanquished.

Grand Total: 56 creatures vanquished

Notes
Turn   | Place    | Note
-------+----------+-------------------------------------------
     0 | D:1      | DocSulfur the Draconian Transmuter began the quest for the
                  | Orb.
     0 | D:1      | Reached XP level 1. HP: 16/16 MP: 3/3
    86 | D:2      | Noticed a hound
    94 | D:2      | Killed a hound
    95 | D:2      | Reached skill level 1 in Ice Magic
    95 | D:2      | Reached skill level 1 in Poison Magic
    95 | D:2      | Reached XP level 2. HP: 9/23 MP: 3/5
    95 | D:2      | Reached XP level 3. HP: 11/28 MP: 3/6
   154 | D:1      | Learned a level 3 spell: Spider Form
  1433 | D:3      | Found an iron altar of Okawaru.
  1487 | D:3      | Reached XP level 4. HP: 35/35 MP: 5/7
  1623 | D:3      | Reached XP level 5. HP: 37/40 MP: 6/8
  1667 | D:2      | Found a faded altar of an unknown god.
  1790 | D:3      | Became a worshipper of Warmaster Okawaru
  2998 | D:4      | Found an ancient bone altar of Kikubaaqudgha.
  3012 | D:4      | Splashed by a jelly's acid

Illustrated notes

Levels and vault maps discovered:
D:1:      dpeg_arrival_tiny_f, layout_loops_corners
D:2:      layout_basic, ebering_ecumenical_altar_ruins
D:3:      layout_loops_ring, old_standard_altar
D:4:      layout_basic, kiku_gazebo_garden_becter, old_standard_altar,
          cheibriados_altar_1, gammafunk_ghost_stat_death, uniq_ijyb,
          uniq_edmund, uniq_eustachio, uniq_grinder

Skill      XL: |  1  2  3  4  5 |
---------------+----------------+-----
Ice Magic      | 1 2 |  2.1
Poison Magic   | 1 2 3 |  3.2
Transmutations | 3 |  3.7
Fighting       | |  1.1
Dodging        | |  1.7
Unarmed Combat | |  3.9
Spellcasting   | |  2.0

Action                   |  1- 3 |  4- 6 || total
-------------------------+-------+-------++-------
Melee: Unarmed           |    72 |   133 ||   205
       Headbutt          |     5 |    23 ||    28
       Tailslap          |     8 |     7 ||    15
       Kick              |     7 |    24 ||    31
       Punch             |       |     3 ||     3
 Cast: Beastly Appendage |    19 |    20 ||    39
  Use: Scroll            |       |     6 ||     6
 Stab: Sleeping          |     1 |     1 ||     2
Armor: Skin              |    31 |    40 ||    71
Dodge: Dodged            |    42 |    64 ||   106

Table legend: (Time is in decaauts)
 A = Elapsed time spent in this place.
 B = Non-inter-level travel time spent in this place.
 C = Inter-level travel time spent in this place.
 D = Time resting spent in this place.
 E = Time spent auto-exploring this place.
 F = Levels seen in this place.
 G = Mean time per level.
                   A        B        C        D        E       F      G
               +--------+--------+--------+--------+--------+-----+--------+
         Total |   3006 |   2861 |    145 |      4 |   1639 |   4 |  751.5 |
       Dungeon |   3006 |   2861 |    145 |      4 |   1639 |   4 |  751.5 |
               +--------+--------+--------+--------+--------+-----+--------+

Top non-repeatable levels by time:
     D:1: 1174 daAuts
     D:3: 931 daAuts
     D:2: 874 daAuts
     D:4: 26 daAuts
